 Dungeon Crawl Stone Soup version 0.26-a0-712-ga5a9c9c9d0 (webtiles) character file.

Game seed: 6597912527760712158

30972 kae the Impaler (level 13, -4/108 HPs)
             Began as a Merfolk Gladiator on Nov 13, 2020.
             Was a Believer of Uskayaw.
             Slain by a death yak (25 damage)
             ... on level 6 of the Lair of Beasts.
             The game lasted 00:17:32 (17964 turns).

kae the Impaler (Merfolk Gladiator)                Turns: 17964, Time: 00:17:33

Health: -4/108     AC: 11    Str: 19    XL:     13   Next: 55%
Magic:  14/20      EV: 20    Int:  8    God:    Uskayaw [**....]
Gold:   954        SH:  0    Dex: 15    Spells: 20/20 levels left

rFire    . . .     SeeInvis .   A - +2 trident (venom)
rCold    . . .     Faith    .   (no shield)
rNeg     . . .     Spirit   .   p - +2 troll leather armour
rPois    +         Reflect  .   c - +0 helmet
rElec    .         Harm     .   q - +2 cloak
rCorr    .         Rampage  .   (no gloves)
MR       .....                  (no boots)
Stlth    +.........             (no amulet)
HPRegen  0.68/turn              o - ring of poison resistance
MPRegen  0.17/turn              (no ring)

@: no status effects
A: change form in water, swift swim, stealthy swim
a: Stomp, Line Pass, Renounce Religion


You were on level 6 of the Lair of Beasts.
You worshipped Uskayaw.
Uskayaw was aware of your devotion.
You visited 3 branches of the dungeon, and saw 17 of its levels.
You also visited: Ossuary.

You collected 954 gold pieces.

Inventory:

Hand Weapons
 a - a +0 trident
 r - a +1 antimagic spear
 A - a +2 trident of venom (weapon)
Missiles
 d - 4 throwing nets (quivered)
Armour
 b - a +0 leather armour
 c - a +0 helmet (worn)
 p - a +2 troll leather armour (worn)
 q - a +2 cloak (worn)
Jewellery
 l - a +4 ring of evasion {unknown}
 o - a ring of poison resistance (left hand)
 D - an uncursed ring of stealth {unknown}
Wands
 e - a wand of digging (5)
 t - a wand of enslavement (13)
 u - a wand of random effects (21)
 w - a wand of paralysis (9)
Scrolls
 j - 9 scrolls of remove curse
 v - 4 scrolls of magic mapping
 y - 3 scrolls of amnesia
 z - 5 scrolls of teleportation
 B - 2 scrolls of enchant armour
 C - 2 scrolls of identify
Potions
 f - 8 potions of curing
 g - 2 potions of flight {unknown}
 h - a potion of lignification
 i - 2 potions of brilliance
 k - 2 potions of ambrosia
 m - 2 potions of stabbing
 n - 2 potions of cancellation
 s - 2 potions of mutation
 x - a potion of might
 E - a potion of resistance {unknown}


   Skills:
 + Level 12.1 Fighting
 - Level 16.0 Polearms
 - Level 2.0 Throwing
 + Level 4.9 Armour
 + Level 11.7 Dodging
 - Level 4.0 Spellcasting
 - Level 10.0 Invocations
 - Level 7.0 Evocations


You had 20 spell levels left.
You didn't know any spells.
Your spell library contained the following spells:

 Spells                   Type           Power        Failure   Level
 Animate Skeleton         Necr           #.....       32%         1
 Apportation              Tloc           #.....       32%         1
 Corona                   Hex            #......      32%         1
 Shock                    Conj/Air       #...         32%         1
 Summon Small Mammal      Summ           #...         32%         1
 Swiftness                Air            #.......     45%         2
 Confusing Touch          Hex            #.......     69%         3
 Gell's Gravitas          Tloc           #.........   69%         3
 Static Discharge         Conj/Air       #.......     69%         3
 Airstrike                Air            #.........   97%         4
 Animate Dead             Necr           #.........   97%         4
 Petrify                  Tmut/Erth      #.......     97%         4
 Borgnjor's Vile Clutch   Necr/Erth      #.........   100%        5
 Lightning Bolt           Conj/Air       #.........   100%        5
 Metabolic Englaciation   Hex/Ice        #.........   100%        5
 Yara's Violent Unravell  Hex/Tmut       #.........   100%        5
 Death Channel            Necr           #.........   100%        6
 Simulacrum               Ice/Necr       #.........   100%        6


Dungeon Overview and Level Annotations

Branches:
Dungeon (10/15)            Temple (1/1) D:5            Lair (6/6) D:8
 Spider (0/4) Lair:3        Slime (0/5) Lair:5      Ossuary (visited)
  Swamp: Lair:2-4    Shoals: Lair:2-4       Orc: D:9-12

Altars:
Ashenzari
Cheibriados
Dithmenos
Elyvilon
Fedhas
Gozag
Hepliaklqana
Kikubaaqudgha
Makhleb
Nemelex Xobeh
Okawaru
Qazlal
Ru
Sif Muna
Trog
Uskayaw
Vehumet
Wu Jian
Xom
Yredelemnul
Zin
The Shining One
Jiyva

Annotations:
D:8 exclusion: ice statue
Lair:2 exclusion: oklob plant
Lair:6 exclusion: oklob plant


Message History

The death yak is heavily wounded.
You can no longer pass through a line of other dancers.
The death yak gores you!! x2
You can now pass through a line of other dancers.
You hit the death yak.
The death yak looks as sick as possible!
The death yak is severely wounded.
The death yak gores you!!
You puncture the death yak!
The death yak looks as sick as possible!
The death yak is severely wounded.
The death yak completely misses you. The death yak gores you.
You barely miss the death yak.
The death yak is almost dead.
You puncture the death yak!
The death yak is almost dead.
The death yak gores you!!
* * * LOW HITPOINT WARNING * * *
The death yak gores you!!
You die...

#.......8....######
#...8......###
#......###
##.....P#
##...###PP#
##...#######
#...###Y###
#..##.YYHY##
##.....@#...###
#......##Y.Y..###.
##....####H.......
##.### #Y###...#
### .Y# ..P ..## .
..# ... Y##.


You could see 2 death yaks, a manticore and 2 yaks.

Vanquished Creatures
  Snorg (Lair:5)
  A hydra (Lair:2)
  A catoblepas (Lair:6)
  2 two-headed ogres
  A death yak (Lair:6)
  Sonja (Lair:6)
  An unseen horror (D:10)
  Pikel (D:5)
  A cyclops (D:10)
  19 elephants
  A torpor snail (Lair:5)
  A black mamba (Lair:5)
  10 cane toads
  4 komodo dragons
  A rime drake (Lair:2)
  2 trolls
  Prince Ribbit (D:6)
  8 blink frogs
  7 dream sheep (Lair:6)
  Sigmund (D:4)
  2 wyverns (Lair:1)
  25 yaks
  A basilisk (Lair:3)
  A steam dragon (Lair:5)
  6 water moccasins
  2 sky beasts
  3 orc warriors
  A hornet zombie (D:10)
  5 ice beasts
  A phantom (D:10)
  4 ogres
  3 wolves (Lair:5)
  3 centaurs
  Blork the orc (D:4)
  14 bullfrogs
  2 big kobolds
  A wyvern zombie (D:8)
  2 scorpions
  5 killer bees (D:10)
  4 wights
  An electric eel (D:10)
  3 howler monkeys
  2 centaur zombies
  2 quasits
  A bullfrog zombie (D:5)
  8 hounds
  3 jellies
  9 orc wizards
  A centaur skeleton (D:4)
  7 orc priests
  Crazy Yiuf (D:4)
  Terence (D:2)
  Jessica (D:2)
  Ijyb (D:3)
  3 iguanas
  11 worker ants
  2 big kobold zombies (Ossuary)
  3 mummies (Ossuary)
  A worker ant zombie (D:10)
  6 gnolls
  8 adders
  2 shadow imps
  A white imp (D:8)
  2 ufetubi
  An ooze (D:2)
  3 adder zombies
  An adder skeleton (D:4)
  2 worms
  A dart slug (D:1)
  6 leopard geckos
  14 orcs
  6 giant cockroaches
  5 goblins
  4 hobgoblins
  13 jackals
  12 kobolds
  3 quokkas
  5 ball pythons
  4 bats
  4 frilled lizards
  2 gnoll zombies (Ossuary)
  4 goblin zombies (Ossuary)
  5 hobgoblin zombies (Ossuary)
  7 jackal zombies (Ossuary)
  A kobold zombie (Ossuary)
  5 orc zombies (Ossuary)
  5 quokka zombies
  5 rats
  3 rat zombies (Ossuary)
352 creatures vanquished.

Vanquished Creatures (others)
  A wizard (D:4)
  9 fungi
  8 plants
18 creatures vanquished.

Grand Total: 370 creatures vanquished

Notes
Turn   | Place    | Note
-------+----------+-------------------------------------------
     0 | D:1      | kae the Merfolk Gladiator began the quest for the Orb.
     0 | D:1      | Reached XP level 1. HP: 16/16 MP: 1/1
    90 | D:1      | Found a snail-covered altar of Cheibriados.
   167 | D:1      | Reached XP level 2. HP: 20/23 MP: 2/2
   175 | D:1      | Reached skill level 5 in Polearms
   795 | D:1      | Reached XP level 3. HP: 20/28 MP: 3/3
  1278 | D:2      | Noticed Jessica
  1289 | D:2      | Killed Jessica
  1289 | D:2      | Reached skill level 6 in Polearms
  1289 | D:2      | Reached XP level 4. HP: 18/35 MP: 4/4
  1666 | D:2      | Found a faded altar of an unknown god.
  1666 | D:2      | Found an iron altar of Okawaru.
  1673 | D:2      | Found an opulent altar of Gozag.
  1675 | D:2      | Found a basalt altar of Yredelemnul.
  1677 | D:2      | Found a faded altar of an unknown god.
  1774 | D:2      | Noticed Terence
  1798 | D:2      | Killed Terence
  1966 | D:2      | Reached skill level 7 in Polearms
  1966 | D:2      | Reached XP level 5. HP: 41/41 MP: 5/5
  2248 | D:3      | Noticed Ijyb
  2260 | D:3      | Killed Ijyb
  2512 | D:3      | Found a shimmering blue altar of Sif Muna.
  2522 | D:3      | Found a hide-covered altar of Uskayaw.
  2533 | D:3      | Found a glowing silver altar of Zin.
  2966 | D:3      | Became a worshipper of Uskayaw the Reveler
  3005 | D:4      | Found a bloodstained altar of Trog.
  3006 | D:4      | Noticed a wizard
  3012 | D:4      | Killed a wizard
  3039 | D:4      | Noticed an ogre
  3087 | D:4      | Noticed Sigmund
  3089 | D:4      | Reached * piety under Uskayaw
  3090 | D:4      | Killed Sigmund
  3090 | D:4      | Reached skill level 8 in Polearms
  3090 | D:4      | Reached skill level 1 in Invocations
  3090 | D:4      | Reached XP level 6. HP: 49/49 MP: 5/7
  3090 | D:4      | Reached ** piety under Uskayaw
  3095 | D:4      | Reached *** piety under Uskayaw
  3427 | D:4      | Found a broken altar of Ashenzari.
  3437 | D:4      | Reached skill level 9 in Polearms
  3437 | D:4      | Reached XP level 7. HP: 37/55 MP: 8/8
  3973 | D:4      | Reached skill level 5 in Fighting
  4214 | D:4      | Found a runed translucent door.
  4215 | D:4      | Noticed Crazy Yiuf
  4240 | D:4      | Noticed Blork the orc
  4575 | D:4      | Killed Blork the orc
  5020 | D:4      | Killed Crazy Yiuf
  5020 | D:4      | Reached skill level 10 in Polearms
  5173 | D:5      | Entered Level 5 of the Dungeon
  5306 | D:4      | Reached XP level 8. HP: 35/63 MP: 1/10
  5523 | D:5      | Noticed Pikel
  5574 | D:5      | Killed Pikel
  5574 | D:5      | Reached skill level 11 in Polearms
  6057 | D:5      | Reached skill level 12 in Polearms
  6057 | D:5      | Reached skill level 5 in Invocations
  6149 | D:5      | Found a staircase to the Ecumenical Temple.
  6203 | D:5      | Reached XP level 9. HP: 68/71 MP: 4/12
  6203 | D:5      | Reached **** piety under Uskayaw
  6333 | Temple   | Entered the Ecumenical Temple
  6812 | D:6      | Found a hazy altar of Hepliaklqana.
  7945 | D:6      | Reached skill level 13 in Polearms
  8140 | D:7      | Noticed Prince Ribbit
  8163 | D:6      | Killed Prince Ribbit
  8556 | D:7      | Found a sand-covered staircase.
  8560 | Ossuary  | Entered an ossuary
  8965 | D:7      | Noticed a troll
  8981 | D:7      | Killed a troll
  9177 | D:7      | Reached skill level 14 in Polearms
  9211 | D:7      | Found a shadowy altar of Dithmenos.
  9296 | D:7      | Reached XP level 10. HP: 80/80 MP: 5/15
  9630 | D:8      | Noticed a two-headed ogre
  9718 | D:8      | Killed a two-headed ogre
  9769 | D:8      | Reached ***** piety under Uskayaw
  9950 | D:8      | Reached skill level 1 in Evocations
  9962 | D:8      | Reached skill level 15 in Polearms
 10172 | D:8      | Found a glowing golden altar of the Shining One.
 10359 | D:8      | Found a staircase to the Lair.
 10430 | D:8      | Noticed an ice statue
 11342 | D:10     | Entered Level 10 of the Dungeon
 11486 | D:10     | Noticed a cyclops
 11512 | D:10     | Killed a cyclops
 11512 | D:10     | Reached XP level 11. HP: 24/90 MP: 4/17
 11947 | D:10     | Killed an unseen horror
 11947 | D:10     | Reached skill level 10 in Fighting
 11947 | D:10     | Reached skill level 16 in Polearms
 12146 | D:10     | Noticed a two-headed ogre
 12157 | D:10     | Killed a two-headed ogre
 12486 | Lair:1   | Entered Level 1 of the Lair of Beasts
 12547 | Lair:1   | Reached skill level 5 in Evocations
 13459 | Lair:2   | Reached skill level 10 in Invocations
 13775 | Lair:2   | Reached skill level 5 in Dodging
 14066 | Lair:2   | HP: 4/90 [elephant (3)]
 14517 | Lair:2   | Reached skill level 1 in Spellcasting
 14532 | Lair:2   | Reached XP level 12. HP: 78/97 MP: 6/19
 14731 | Lair:2   | Noticed a five-headed hydra
 14749 | Lair:2   | Killed a five-headed hydra
 15433 | Lair:3   | Found a hole to the Spider Nest.
 15765 | Lair:3   | You fall into a shaft and drop 2 floors!
 15843 | Lair:5   | Reached skill level 1 in Armour
 16449 | Lair:5   | Noticed Snorg
 16464 | Lair:5   | Killed Snorg
 16464 | Lair:5   | Reached skill level 10 in Dodging
 16521 | Lair:5   | Reached XP level 13. HP: 45/106 MP: 20/20
 17033 | Lair:5   | Found a viscous altar of Jiyva.
 17034 | Lair:5   | Found a staircase to the Slime Pits.
 17222 | Lair:6   | Entered Level 6 of the Lair of Beasts
 17275 | Lair:6   | Noticed Sonja
 17293 | Lair:6   | Killed Sonja
 17964 | Lair:6   | Slain by a death yak

Illustrated notes

Levels and vault maps discovered:
D:1:      wander_arrival_desolate, layout_loops_ring, cheibriados_altar_1
D:2:      layout_rooms, chequers_temple_overflow_minitemple, uniq_terence,
          uniq_jessica
D:3:      layout_basic, overflow_temple_1_default,
          amethyst_overflow_temple_binary, uniq_ijyb
D:4:      layout_rooms, evilmike_ruin_ashenzari, trog_wizard, uniq_sigmund,
          uniq_blork_the_orc, uniq_crazy_yiuf_cottage
D:5:      layout_basic, temple_doors_e, uniq_pikel
D:6:      layout_loops_ring, kennysheep_little_box
D:7:      layout_gridville, enter_ossuary_5, grunt_dithmenos_smoke_and_mirrors,
          uniq_prince_ribbit1
D:8:      lemuel_ice_statue, layout_basic, tso_metal_star, lair_entry_dummy,
          st_stairs_9
D:9:      layout_loops_cross
D:10:     layout_gridville, lightli_minifort
Temple:   hc_temple_tempest_star
Lair:1:   layout_chaotic_city, lemuel_fruit_tree
Lair:2:   layout_hall_layers, lemuel_fruit_fields, infiniplex_staircase_pool,
          minmay_lair_oklob_chamber
Lair:3:   layout_roguey, spider_nest_entry_web_field, eino_house_with_fridge
Lair:4:   layout_cave_pods, shoals_dummy_entry
Lair:5:   layout_cave_pods, dpeg_slime_entry_enclosed_altar,
          serial_bayou_ford_a, minivault_27, uniq_snorg
Lair:6:   evilmike_catoblepas_cave, layout_gridlike, uniq_sonja

Skill      XL: |  1  2  3  4  5  6  7  8  9 10 11 12 13 |
---------------+----------------------------------------+-----
Polearms       | 5 6 7 8 9 10 12 14 15 16 | 16.0
Fighting       | 3 4 5 6 8 9 10 11 12 | 12.1
Invocations    | 1 2 3 5 6 8 10 | 10.0
Evocations     | 2 5 7 |  7.0
Dodging        | 8 10 11 | 11.7
Spellcasting   | 2 4 |  4.0
Armour         | 3 4 |  4.9
Throwing       | |  2.0

Action                   |  1- 3 |  4- 6 |  7- 9 | 10-12 | 13-15 || total
-------------------------+-------+-------+-------+-------+-------++-------
Melee: Trident           |   107 |   122 |   101 |   168 |   186 ||   684
       Spear             |       |       |   621 |  1010 |       ||  1631
       Tailslap          |       |       |       |     7 |       ||     7
Invok: Stomp             |       |       |    10 |    17 |     8 ||    35
       Line Pass         |       |       |       |     1 |       ||     1
Evoke: Wand              |       |     3 |     9 |     4 |       ||    16
  Use: Potion            |       |       |     3 |    12 |       ||    15
       Scroll            |       |       |     8 |    15 |       ||    23
 Stab: Sleeping          |     4 |       |     2 |     3 |       ||     9
       Paralysed         |       |     1 |    18 |    59 |    11 ||    89
       Distracted        |       |       |       |     1 |       ||     1
Armor: Leather armour    |    32 |     9 |    76 |       |       ||   117
       Troll leather arm |       |       |     4 |   142 |    33 ||   179
       Skin              |       |       |       |   184 |       ||   184
Dodge: Dodged            |    70 |    50 |   217 |   372 |    99 ||   808

Table legend: (Time is in decaauts)
 A = Elapsed time spent in this place.
 B = Non-inter-level travel time spent in this place.
 C = Inter-level travel time spent in this place.
 D = Time resting spent in this place.
 E = Time spent auto-exploring this place.
 F = Levels seen in this place.
 G = Mean time per level.
                   A        B        C        D        E       F      G
               +--------+--------+--------+--------+--------+-----+--------+
         Total |  16956 |  16145 |    811 |   3379 |  10145 |  18 |  942.0 |
       Dungeon |  11438 |  10847 |    591 |   2641 |   6471 |  10 | 1143.8 |
        Temple |     81 |     64 |     17 |      0 |     61 |   1 |   81.0 |
          Lair |   5109 |   4907 |    202 |    738 |   3409 |   6 |  851.5 |
       Ossuary |    327 |    327 |      0 |      0 |    203 |   1 |  327.0 |
               +--------+--------+--------+--------+--------+-----+--------+

Top non-repeatable levels by time:
     D:4: 2093 daAuts
  Lair:2: 1563 daAuts
  Lair:5: 1371 daAuts
     D:3: 1296 daAuts
     D:5: 1255 daAuts
     D:6: 1229 daAuts
  Lair:1: 1155 daAuts
     D:1: 1120 daAuts
     D:7: 1010 daAuts
    D:10: 951 daAuts
     D:2: 916 daAuts
     D:9: 796 daAuts
     D:8: 768 daAuts
  Lair:6: 686 daAuts
  Lair:3: 330 daAuts
